 Dungeon Crawl Stone Soup version 0.22.1-1-ga44c0e56f4 (webtiles) character file.

108 Nixze the Magician (level 4, 0/24 HPs)
             Began as a Deep Elf Ice Elementalist on Nov 2, 2018.
             Slain by a gnoll
             ... wielding a +0 spear
              (9 damage)
             ... on level 3 of the Dungeon.
             The game lasted 00:05:46 (2740 turns).

Nixze the Magician (Deep Elf Ice Elementalist)      Turns: 2740, Time: 00:05:46

Health: 0/24       AC:  6    Str:  5    XL:     4   Next: 58%
Magic:  12/12      EV: 13    Int: 21    God:
Gold:   195        SH:  0    Dex: 15    Spells: 9/12 levels left

rFire    . . .     SeeInvis .   h - +0 dagger
rCold    . . .     Gourm    .   (no shield)
rNeg     . . .     Faith    .   a - +0 robe
rPois    .         Spirit   .   f - +2 helmet
rElec    .         Reflect  .   (no cloak)
rCorr    .         Harm     .   (no gloves)
MR       .....                  m - +0 pair of boots
Stlth    ++........             (no amulet)
HPRegen  0.08/turn              (no ring)
MPRegen  0.13/turn              (no ring)

@: no status effects
A: no striking features
a: no special abilities


You were on level 3 of the Dungeon.
You were hungry.

You visited 1 branch of the dungeon, and saw 3 of its levels.

You collected 195 gold pieces.

Inventory:

Hand Weapons
 h - a +0 dagger (weapon)
Armour
 a - a +0 robe (worn)
 f - a +2 helmet (worn)
 m - a +0 pair of boots (worn)
Scrolls
 b - a scroll of amnesia {unknown}
 d - a scroll of magic mapping {unknown}
 g - 4 scrolls of identify {unknown}
 i - a scroll of enchant armour {unknown}
 k - a scroll of remove curse {unknown}
 l - a scroll of fog {unknown}
Potions
 e - 2 potions of lignification {unknown}
 j - a potion of heal wounds {unknown}
 n - a potion of might {unknown}
 o - a potion of degeneration {unknown}
Comestibles
 c - 3 rations


   Skills:
 - Level 2.4 Dodging
 - Level 2.4 Stealth
 + Level 4.9 Spellcasting
 + Level 1.9 Conjurations
 + Level 4.6 Ice Magic


You had 9 spell levels left.
You knew the following spells:

 Your Spells              Type           Power        Failure   Level  Hunger
a - Freeze                Ice            ###.         1%          1    None
b - Throw Frost           Conj/Ice       ###...       4%          2    None

Your spell library contained the following spells:

 Spells                   Type           Power        Failure   Level  Hunger
 Ozocubu's Armour         Chrm/Ice       ##......     13%         3    ##.....
 Throw Icicle             Conj/Ice       ###.....     28%         4    ####...
 Summon Ice Beast         Ice/Summ       ##......     38%         4    ####...


Dungeon Overview and Level Annotations

Branches:
Dungeon (3/15)

Altars:
Cheibriados
Gozag


Message History

Magic restored.
o - a fizzy blue potion
Found 18 poisoned needles.
You now have 195 gold pieces (gained 18).
Found a leather armour.
There is a faded altar of an unknown god here.
You enter a teleport trap!
The teleport trap disappears.
Your surroundings suddenly seem different.
Found a leather armour.
You see here a leather armour.
You are feeling hungry. 2 gnolls come into view.
The gnoll hits you from afar with a halberd!
Ouch! That really hurt!
You hear a shout!
You are too injured to fight recklessly!
A gnoll comes into view. It is wielding a spear.
The gnoll shouts!
You hear a shout!
The gnoll hits you from afar with a spear!
You die...

#.# #$# ### #.#
..# #.# # #.# #.#
#g#.# #.#
#.#.###!# #.#
#g.g....# #.# #@#
#.##
#.#############...
#............#####
############.#
#.##### #......
#######


You could see 3 gnolls.

Vanquished Creatures
  3 adders (D:3)
  2 oozes
  3 dart slugs
  2 leopard geckos
  3 ball pythons (D:1)
  2 bats
  2 giant cockroaches
  6 goblins (D:1)
  9 hobgoblins
  9 jackals
  6 kobolds
  6 frilled lizards
  9 rats
62 creatures vanquished.

Notes
Turn   | Place    | Note
-------+----------+-------------------------------------------
     0 | D:1      | Nixze the Deep Elf Ice Elementalist began the quest for the
                  | Orb.
     0 | D:1      | Reached XP level 1. HP: 10/10 MP: 6/6
   149 | D:1      | Reached XP level 2. HP: 15/15 MP: 5/8
   714 | D:1      | Learned a level 2 spell: Throw Frost
   805 | D:1      | Reached XP level 3. HP: 14/19 MP: 1/10
  1869 | D:2      | Reached XP level 4. HP: 16/24 MP: 6/12
  2184 | D:2      | Found a snail-covered altar of Cheibriados.
  2290 | D:3      | Found a faded altar of an unknown god.
  2455 | D:3      | Found an opulent altar of Gozag.
  2740 | D:3      | Slain by a gnoll

Skill      XL: |  1  2 |
---------------+-------+-----
Spellcasting   | 4 |  4.9
Ice Magic      | 4 |  4.6
Dodging        | |  2.4
Stealth        | |  2.4
Conjurations   | |  1.9

Action                   |  1- 3 |  4- 6 || total
-------------------------+-------+-------++-------
Melee: Unarmed           |     1 |       ||     1
       Dagger            |     8 |       ||     8
 Cast: Freeze            |    61 |     8 ||    69
       Throw Frost       |     9 |    14 ||    23
  Eat: Chunk             |     3 |     2 ||     5
Armor: Robe              |    14 |     5 ||    19
Dodge: Dodged            |    43 |     3 ||    46
